AoeStats
← 帝国的铁汉

African Clearing

510286045Analyzed
3v3 RM · 2d ago on Sep 30, 2026· 63m 19s· 6 players
Game mode
Random Map
Map size
Normal (6 player)
Population
200
Speed
Normal
Resources
Standard
Victory
Conquest
Starting age
Dark Age
Ending age
Imperial Age
RankedLock teamsTeams togetherTeam positionsShared explorationLock speedFull tech treeHidden civsTurbo modeCheats
Victory
Defeat
🇳🇿 Magyars · New Zealand
1353
+15
🇨🇳 Huns · China
1321
+16
🇹🇷 Jurchens · Türkiye
1296
+17
🇨🇳 Wei · China
1396
-20
🇭🇰 Georgians · Hong Kong SAR China
1307
-15
🇨🇳 Byzantines · China
1251
-13
逆天
3:44 Loom
13:22 Feudal Age
17:57 Castle Age
18:59 Scale Mail Armor
19:08 Scale Barding Armor
32:24 Husbandry
32:54 Padded Archer Armor
33:14 Forging
32:59 Horse Collar
34:45 Double-Bit Axe
37:04 Scale Mail Armor
40:48 Imperial Age
40:33 Chain Barding Armor
40:22 Heavy Plow
41:44 Cavalier
43:48 Iron Casting
43:10 Gold Mining
43:11 Stone Mining
44:48 Plate Barding Armor
44:56 Paladin
46:36 Ballistics
49:23 Wheelbarrow
52:52 Guilds
54:15 Conscription
55:07 Gold Shaft Mining
55:08 Stone Shaft Mining
54:52 Hand Cart
57:05 Capped Ram
57:57 Siege Ram
62:09 Scale Mail Armor
62:30 Bow Saw
62:42 Squires
62:28 Arson
62:03 Pikeman
62:27 Heavy Camel Rider
帝国的铁汉
15:01 Feudal Age
14:05 Loom
15:54 Double-Bit Axe
18:37 Castle Age
17:00 Fishing Lines
17:31 Gold Mining
17:39 Horse Collar
18:09 Stone Mining
19:27 Wheelbarrow
19:31 Bow Saw
23:27 Gillnets
23:52 Heavy Plow
24:55 Town Watch
25:46 Ballistics
25:09 Treadmill Crane
26:26 Fletching
29:06 Ballistics
29:10 Tuntian
30:20 Hand Cart
30:35 Bloodlines
30:36 Bodkin Arrow
32:26 Scale Barding Armor
32:24 Husbandry
33:44 Forging
34:20 Gold Shaft Mining
35:46 Chain Barding Armor
39:34 Imperial Age
37:57 Iron Casting
40:39 Conscription
41:28 Blast Furnace
40:56 Ming Guang Armor
39:54 Heavy Hei Guang Cavalry
40:49 Light Cavalry
42:17 Capped Ram
43:18 Siege Ram
43:53 Hussar
44:38 Bracer
45:12 Crop Rotation
46:03 Chemistry
46:06 Stone Shaft Mining
45:45 Elite Tiger Cavalry
48:56 Masonry
50:13 Hoardings
49:43 Scale Mail Armor
49:43 Padded Archer Armor
51:24 Town Patrol
别忘了喝醉
9:48 Loom
13:47 Feudal Age
18:14 Castle Age
17:13 Double-Bit Axe
25:23 Bloodlines
28:14 Scale Barding Armor
29:08 Horse Collar
31:03 Stone Mining
31:41 Chain Barding Armor
35:59 Imperial Age
34:25 Wheelbarrow
33:35 Town Watch
34:14 Gold Mining
34:34 Bow Saw
36:00 Forging
36:32 Husbandry
37:49 Elite Monaspa
40:00 Plate Barding Armor
40:01 Iron Casting
40:11 Hand Cart
40:25 Conscription
41:58 Iron Casting
41:42 Elite Skirmisher
45:55 Blast Furnace
44:46 Fletching
45:48 Heavy Plow
46:41 Stone Shaft Mining
46:12 Padded Archer Armor
48:03 Leather Archer Armor
49:34 Crop Rotation
49:10 Bodkin Arrow
52:48 Bracer
55:11 Capped Ram
57:36 Chemistry
58:35 Light Cavalry
纯属意外666
13:39 Feudal Age
17:49 Castle Age
17:29 Gold Mining
17:30 Fletching
17:40 Padded Archer Armor
18:11 Double-Bit Axe
21:18 Loom
22:30 Bodkin Arrow
24:13 Leather Archer Armor
26:22 Wheelbarrow
27:42 Ballistics
27:40 Hand Cart
28:42 Bow Saw
28:13 Horse Collar
30:09 Heavy Plow
31:36 Bloodlines
32:20 Thumb Ring
38:12 Imperial Age
37:42 Marauders
37:51 Husbandry
38:00 Scale Barding Armor
38:06 Forging
38:20 Heavy Cavalry Archer
39:25 Parthian Tactics
39:11 Bracer
39:49 Conscription
39:35 Elite Tarkan
41:52 Chemistry
42:31 Chain Barding Armor
42:47 Iron Casting
42:42 Light Cavalry
43:37 Murder Holes
45:37 Plate Barding Armor
46:17 Hussar
49:40 Blast Furnace
53:33 Coinage
53:52 Gold Shaft Mining
53:08 Stone Mining
53:20 Scale Mail Armor
52:42 Pikeman
53:23 Squires
53:08 Arson
52:52 Capped Ram
55:15 Two-Man Saw
55:23 Siege Ram
59:07 Banking
Frosty
11:52 Loom
13:56 Feudal Age
14:37 Double-Bit Axe
19:36 Castle Age
18:58 Bloodlines
19:01 Forging
18:56 Scale Barding Armor
19:03 Horse Collar
20:45 Heavy Plow
28:11 Bow Saw
33:43 Imperial Age
32:42 Wheelbarrow
32:06 Gold Mining
32:07 Stone Mining
33:29 Gold Shaft Mining
33:39 Stone Shaft Mining
37:27 Two-Man Saw
38:38 Hand Cart
38:08 Town Watch
39:06 Conscription
40:38 Crop Rotation
41:23 Elite Iron Pagoda
Diseased7
11:02 Loom
13:26 Feudal Age
14:06 Double-Bit Axe
17:03 Wheelbarrow
16:37 Scale Barding Armor
22:52 Castle Age
31:03 Bow Saw
31:24 Fletching
31:23 Horse Collar
32:19 Gold Mining
33:19 Bloodlines
33:54 Husbandry
35:20 Heavy Plow
35:57 Gold Shaft Mining
35:32 Bodkin Arrow
39:48 Imperial Age
37:04 Town Watch
38:08 Thumb Ring
38:04 Padded Archer Armor
38:08 Corvinian Army
39:28 Hand Cart
39:13 Town Patrol
39:43 Ballistics
40:12 Chain Barding Armor
40:32 Bracer
40:37 Recurve Bow
41:40 Chemistry
41:48 Two-Man Saw
40:40 Stone Mining
41:17 Conscription
42:06 Leather Archer Armor
42:25 Parthian Tactics
41:21 Heavy Cavalry Archer
44:02 Crop Rotation
44:05 Ring Archer Armor
43:46 Elite Magyar Huszar
48:01 Plate Barding Armor
53:01 Masonry
55:52 Light Cavalry
Connection lost

Rejoining the realm…

Still unreachable

The connection could not be restored.

Session expired

The server has moved on; the page needs a fresh start.